 Dungeon Crawl Stone Soup version 0.24.0-1-gfbc8707122 (webtiles) character file.

Game seed: 11716847900098870223, levelgen mode: deterministic

3168 chinsky the Basher (level 9, -6/88 HPs)
             Began as a Troll Chaos Knight on Oct 27, 2019.
             Was a Plaything of Xom.
             Mangled by a mummy (13 damage)
             ... on level 7 of the Dungeon.
             The game lasted 00:55:25 (6856 turns).

chinsky the Basher (Troll Chaos Knight)             Turns: 6856, Time: 00:55:28

Health: -6/88      AC:  8    Str: 19 (20) XL:     9   Next: 63%
Magic:  7/7        EV: 12    Int:  8      God:    Xom [......]
Gold:   239        SH:  4    Dex: 12      Spells: 8/8 levels left

rFire    . . .     SeeInvis .   a - +0 mace (chaos)
rCold    . . .     Gourm    +   (no shield)
rNeg     + . .     Faith    .   b - +2 robe
rPois    .         Spirit   .   (helmet restricted)
rElec    .         Reflect  +   (no cloak)
rCorr    +         Harm     .   (gloves unavailable)
MR       .....                  (boots unavailable)
Stlth    ++........             y - +4 amulet of reflection
HPRegen  0.64/turn              d - ring of resist corrosion
MPRegen  0.10/turn              l - ring of positive energy

@: lethally poisoned (-6 -> -6), lightly drained
A: large, unfitting armour, claws 3, thin skeletal structure 1, blurry vision 1,
fast metabolism 3, gourmand, low mp 1, regeneration 1, shaggy fur 1, tough skin
3, weak 2
a: Renounce Religion


You were on level 7 of the Dungeon.
You worshipped Xom.
You were a very special plaything of Xom.
You were not hungry.

You visited 2 branches of the dungeon, and saw 9 of its levels.

You collected 414 gold pieces.
You spent 175 gold pieces at shops.

Inventory:

Hand Weapons
 a - a +0 mace of chaos (weapon)
 n - a +0 dagger
 q - a +0 hunting sling of flaming
 E - a +0 dagger of holy wrath
 G - a +4 long sword
Missiles
 r - 157 stones (quivered)
Armour
 b - a +2 robe (worn)
 e - a +0 scale mail
 i - a +0 ring mail
 j - a +2 robe
 v - a +0 chain mail
 w - a +2 pair of gloves
 x - a +0 helmet
Magical Staves
 F - a cursed staff of air {unknown}
Jewellery
 d - a ring of resist corrosion (left claw)
 k - a cursed amulet of inaccuracy
 l - a ring of positive energy (right claw)
 u - an uncursed ring of stealth
 y - a +4 amulet of reflection (around neck)
 K - an uncursed ring of wizardry
Wands
 m - a wand of enslavement (6)
 D - a wand of polymorph (17)
 H - a wand of acid (19)
 J - a wand of paralysis (7)
 N - a wand of iceblast (5)
Scrolls
 g - 3 scrolls of amnesia
 p - 2 scrolls of remove curse
 t - a scroll of magic mapping
 B - 2 scrolls of teleportation
 L - a scroll of blinking
Potions
 h - 2 potions of lignification
 o - 2 potions of resistance
 s - 3 potions of agility
 z - a potion of brilliance
 A - a potion of haste
 I - 2 potions of curing
 M - a potion of heal wounds
Comestibles
 c - 8 rations


   Skills:
 + Level 5.6(5.5) Fighting
 + Level 8.5 Maces & Flails
 + Level 0.1(0.0) Slings
 + Level 6.2(6.1) Dodging
 + Level 2.3(2.2) Stealth
 + Level 1.0 Evocations


You had 8 spell levels left.
You didn't know any spells.
Your spell library was empty.

Dungeon Overview and Level Annotations

Branches:
Dungeon (8/15)             Temple (1/1) D:6
   Lair: D:8-11

Altars:
Ashenzari
Cheibriados
Dithmenos
Elyvilon
Fedhas
Gozag
Hepliaklqana
Kikubaaqudgha
Makhleb
Nemelex Xobeh
Okawaru
Qazlal
Ru
Sif Muna
Trog
Uskayaw
Vehumet
Wu Jian
Xom
Yredelemnul
Zin
The Shining One

Shops:
D:4 *[!?

Annotations:
D:5 Dowan, Duvessa
D:6 3 runed translucent doors, execc's ghost, novice HaBe; nano's ghost, novice SpEn


Innate Abilities, Weirdness & Mutations

You are too large for most types of armour.
You have claws for hands.
Your metabolism is lightning-fast.
You like to eat raw meat.
Your natural rate of healing is unusually fast.
You are covered in fur. (AC +1)
You have extremely tough skin. (AC +3)
You have a somewhat thin skeletal structure. (Dex +2, Stealth)
Scrolls take you a little longer to read.
Your magical capacity is low. (-10% MP)
You are very weak. (Str -4)


Message History

[Y]es or [N]o only, please.
Really read with blurry vision while enemies are nearby? [Y]es or [N]o only, please.
Really read with blurry vision while enemies are nearby?
Uppercase [Y]es or [N]o only, please.
Really read with blurry vision while enemies are nearby?
The adder bites you.
* * * LOW HITPOINT WARNING * * *
You are poisoned.
The adder poisons you!
You begin reading the scroll.
You continue reading the scroll.
You feel sick. The hound bites you but does no damage.
The two-headed ogre completely misses you.
The two-headed ogre hits you with a +0 giant club.
* * * LOW HITPOINT WARNING * * *
The adder bites you.
* * * LOW HITPOINT WARNING * * *
The mummy hits you!
You die...
Xom roars with laughter!

..(..#
#.................#
.....#
#.................#
.....#
#......#.##.......#####
(....#
#......#.##...........P
.....#
#........##.........###
######
#......###########..#.#
#......# #..#..
#....hS############.#..
#####.@O.........##.#._
#M###........##.#). #.#
#........##.#.. #.#
#.[.........#.#
###.###)#####.....###
#..........##......P.
#..........##....(...
#..........##........
#..........##........


You could see a two-headed ogre, a mummy, a hound and an adder.

Vanquished Creatures
  A hog (D:6)
  2 ice beasts (D:7)
  2 orc warriors
  A phantom (D:7)
  A sky beast (D:6)
  3 ogres
  4 centaurs
  A big kobold (D:7)
  3 bullfrogs
  A water moccasin zombie (D:6)
  4 scorpions
  2 crimson imps (D:6)
  A bullfrog zombie (D:8)
  A centaur zombie (D:6)
  7 hounds
  A jelly (D:6)
  3 bullfrog skeletons
  2 orc priests (D:6)
  An iron imp (D:6)
  2 centaur skeletons
  Ijyb (D:5)
  4 iguanas
  4 orc wizards
  Terence (D:2)
  4 worker ants
  A hound zombie (D:6)
  A hound skeleton (D:4)
  Robin (D:2)
  A howler monkey skeleton (D:6)
  9 adders
  A shadow imp (D:7)
  An ooze (D:3)
  3 worms
  A dart slug (D:1)
  3 leopard geckos
  24 orcs
  5 ball pythons (D:4)
  6 giant cockroaches
  13 goblins
  7 hobgoblins
  10 jackals
  3 quokkas
  6 bats
  8 frilled lizards
  A jackal zombie (D:2)
  15 kobolds
  A quokka skeleton (D:4)
  4 rats
182 creatures vanquished.

Vanquished Creatures (collateral kills)
  A phantom (D:5)
  An ogre (D:5)
  A hound (D:4)
  A centaur skeleton (D:5)
  An orc wizard (D:4)
  An adder (D:4)
  An orc (D:4)
7 creatures vanquished.

Vanquished Creatures (others)
  An orc wizard (D:6)
  2 withered plants (D:6)
3 creatures vanquished.

Grand Total: 192 creatures vanquished

Notes
Turn   | Place    | Note
-------+----------+-------------------------------------------
     0 | D:1      | chinsky the Troll Chaos Knight began the quest for the Orb.
     0 | D:1      | Reached XP level 1. HP: 22/22 MP: 0/0
   174 | D:1      | XOM: harmless Chrm miscast
   196 | D:1      | Reached XP level 2. HP: 24/29 MP: 1/1
   228 | D:1      | XOM: harmless Fire miscast
   278 | D:1      | Reached skill level 3 in Maces & Flails
   302 | D:1      | XOM: harmless Tloc miscast
   761 | D:2      | Reached XP level 3. HP: 36/36 MP: 2/2
   775 | D:2      | Noticed Terence
   818 | D:2      | Killed Terence
   887 | D:2      | XOM: harmless Summ miscast
   977 | D:2      | Noticed Robin
   981 | D:2      | Reached XP level 4. HP: 44/44 MP: 3/3
  1006 | D:2      | Killed Robin
  1018 | D:2      | XOM: confuse monster(s)
  1098 | D:2      | Reached skill level 4 in Maces & Flails
  1191 | D:2      | XOM: give mutations
  1191 | D:2      | Gained mutation: You are weak. (Str -2) [Xom's mischief]
  1191 | D:2      | Gained mutation: You are robust. (+10% HP) [Xom's mischief]
  1191 | D:2      | Gained mutation: You are very robust. (+20% HP) [Xom's
                  | mischief]
  1312 | D:2      | XOM: god gift: 47 gold pieces
  1607 | D:2      | XOM: god gift: fizzy emerald potion {god gift}
  1756 | D:2      | XOM: harmless Chrm miscast
  1880 | D:3      | Reached XP level 5. HP: 61/63 MP: 4/4
  1927 | D:3      | XOM: mild Conj miscast
  2316 | D:3      | Reached skill level 5 in Maces & Flails
  2316 | D:3      | Reached XP level 6. HP: 54/73 MP: 5/5
  2719 | D:4      | Found Tawk's Antique Armour Boutique.
  2737 | D:4      | Bought a pair of glowing gloves for 135 gold pieces
  2755 | D:4      | XOM: butterfly on damage
  2770 | D:4      | Reached XP level 7. HP: 35/80 MP: 6/6
  2879 | D:4      | Found Qioril's Distillery.
  2893 | D:4      | XOM: smoke on damage
  3127 | D:4      | Found Deuser's Assorted Antiques.
  3238 | D:4      | XOM: medium Tmut miscast
  3351 | D:4      | XOM: harmless Tloc miscast
  3354 | D:4      | Reached skill level 6 in Maces & Flails
  3381 | D:4      | Found Zytunoj's Magic Scroll Shoppe.
  3384 | D:4      | Bought 2 scrolls of identify for 40 gold pieces
  3436 | D:4      | XOM: noise
  3510 | D:5      | Entered Level 5 of the Dungeon
  3520 | D:5      | Noticed Ijyb
  3564 | D:5      | Killed Ijyb
  3610 | D:5      | XOM: smoke on damage
  3661 | D:5      | XOM: summons friendly ufetubus
  3666 | D:5      | Reached skill level 1 in Stealth
  3666 | D:5      | XOM: potion effect (might)
  3690 | D:5      | Reached XP level 8. HP: 29/93 MP: 7/7
  4160 | D:5      | Noticed Duvessa
  4160 | D:5      | Noticed Dowan
  4162 | D:5      | XOM: summons friendly quasit
  4171 | D:5      | XOM: summons friendly crimson imp
  4190 | D:5      | XOM: summons 4 friendly demons
  4224 | D:6      | XOM: cast spell 'Chain of Chaos'
  4444 | D:6      | Found a runed translucent gate.
  4444 | D:6      | Found a runed translucent gate.
  4444 | D:6      | Found a runed translucent gate.
  4444 | D:6      | Noticed nano's ghost (novice SpEn)
  4445 | D:6      | Noticed execc's ghost (novice HaBe)
  4462 | D:6      | XOM: give mutations
  4462 | D:6      | Gained mutation: You are very weak. (Str -4) [Xom's
                  | mischief]
  4462 | D:6      | Gained mutation: Scrolls take you a little longer to read.
                  | [Xom's mischief]
  4507 | D:6      | XOM: polymorph crimson imp -> iron imp
  4510 | D:6      | Reached skill level 5 in Dodging
  4540 | D:6      | Reached skill level 7 in Maces & Flails
  4927 | D:6      | XOM: summons friendly shadow imp
  4958 | D:6      | Reached skill level 1 in Evocations
  5047 | D:6      | XOM: cloud trail
  5079 | D:6      | XOM: give mutations
  5079 | D:6      | Lost mutation: You are very robust. (+20% HP) [Xom's
                  | mischief]
  5079 | D:6      | Gained mutation: Scrolls take you longer to read. [Xom's
                  | mischief]
  5079 | D:6      | Gained mutation: You have a somewhat thin skeletal
                  | structure. (Dex +2, Stealth) [Xom's mischief]
  5241 | D:6      | Found a staircase to the Ecumenical Temple.
  5247 | Temple   | Entered the Ecumenical Temple
  5457 | D:6      | Reached skill level 5 in Fighting
  5457 | D:6      | Reached XP level 9. HP: 96/96 MP: 8/8
  5860 | D:6      | XOM: noise
  6002 | D:7      | XOM: mild Summ miscast
  6063 | D:7      | XOM: confuse monster(s)
  6180 | D:7      | XOM: 3-stop teleportation journey
  6204 | D:7      | XOM: confusion
  6210 | D:7      | Reached skill level 8 in Maces & Flails
  6394 | D:7      | XOM: give mutations
  6394 | D:7      | Lost mutation: You are robust. (+10% HP) [Xom's mischief]
  6394 | D:7      | Lost mutation: Scrolls take you longer to read. [Xom's
                  | mischief]
  6394 | D:7      | Gained mutation: Your magical capacity is low. (-10% MP)
                  | [Xom's mischief]
  6453 | D:7      | Found a shattered altar of Ashenzari.
  6490 | D:7      | XOM: blink monster(s)
  6568 | D:7      | XOM: draining
  6569 | D:7      | XOM: harmless Fire miscast
  6718 | D:7      | Found an ancient bone altar of Kikubaaqudgha.
  6829 | D:8      | XOM: polymorph wyvern -> blink frog
  6838 | D:8      | XOM: stat loss: -1 Str (19/20)
  6845 | D:8      | Noticed a two-headed ogre
  6856 | D:7      | Mangled by a mummy

Levels and vault maps discovered:
D:1:      minmay_arrival_stone_box, layout_basic
D:2:      layout_basic, uniq_terence, uniq_robin
D:3:      layout_basic
D:4:      layout_cave_pools, serial_shops, kennysheep_mini, shop_statue, shop,
          shop_fountains, hangedman_abyss_or_decor_passed, minmay_snake_closets
D:5:      layout_basic, first_ration, uniq_ijyb, uniq_grinder, uniq_duvessa
D:6:      layout_loops_ring, minmay_temple_entry_enclosed_plants,
          gammafunk_ghost_cemetery
D:7:      layout_basic, ashenzari_conservatory_becter, kiku_gazebo_garden_becter
D:8:      layout_loops_ring, david_lair_shrubbed, serial_undead,
          serial_undead_c, serial_undead_e, serial_undead_b, serial_undead_b,
          serial_undead_b, serial_undead_e
Temple:   regret_index_temple_chain_breaker

Skill      XL: |  1  2  3  4  5  6  7  8  9 |
---------------+----------------------------+-----
Dodging        | 2 3 4 5 6 |  6.2
Maces & Flails | 3 4 5 6 7 8 |  8.5
Fighting       | 3 5 |  5.6
Stealth        | 1 2 |  2.3
Evocations     | 1 |  1.0
Slings         | |  0.1

Action                   |  1- 3 |  4- 6 |  7- 9 || total
-------------------------+-------+-------+-------++-------
Melee: Mace              |   107 |   252 |   468 ||   827
 Fire: Hunting sling     |       |     1 |       ||     1
Evoke: Wand              |       |       |     3 ||     3
  Use: Scroll            |     2 |    10 |    11 ||    23
       Potion            |       |       |     4 ||     4
 Stab: Confused          |       |     2 |     3 ||     5
       Sleeping          |       |     1 |     2 ||     3
       Paralysed         |       |       |     5 ||     5
  Eat: Chunk             |     3 |    15 |    11 ||    29
       Ration            |     1 |     1 |     8 ||    10
Armor: Robe              |    63 |   102 |   187 ||   352
       Skin              |       |       |     5 ||     5
Dodge: Dodged            |    80 |   130 |   237 ||   447
Block: Other             |       |       |    57 ||    57
       Reflection        |       |       |     2 ||     2
